 Dungeon Crawl Stone Soup version 0.28.0-56-g4927b6849a (webtiles) character file.

Game seed: 4563306917588764134

22988 Atelerd the Thaumaturge (level 13, 0/181 HPs)
             Began as an Octopode Earth Elementalist on Feb 1, 2023.
             Was a Believer of Sif Muna.
             Slain by an Executioner (1 damage)
             ... on level 2 of the Abyss on Feb 2, 2023.
             The game lasted 00:47:43 (19335 turns).

Atelerd the Thaumaturge (OpEE)                     Turns: 19335, Time: 00:47:44

Health: 0/181      AC: 30    Str:  7      XL:     13   Next: 3%
Magic:  36/48      EV:  2    Int: 17 (18) God:    Sif Muna [**....]
Gold:   879        SH:  5    Dex: 16 (17) Spells: 31/39 levels left

rFire   . . .      SeeInvis .   I - +1 dagger (venom)
rCold   x . .      Faith    .   (no shield)
rNeg    + . .      Spirit   .   (helmet currently unavailable)
rPois   +          Reflect  +   r - amulet of Uqoh {Reflect rC- rN+ Slay+2 SH+5}
rElec   .          Harm     .   t - ring of magical power
rCorr   .          Rampage  .   y - ring of magical power
Will    .....      Clarity  +   e - +4 ring of protection
Stlth   .......... NoTele   +   (no ring)
HPRegen 0.40/turn               (no ring)
MPRegen 0.31/turn               (no ring)
                                (no ring)
                                (no ring)

@: mighty, berserking, tree-form, very quick
A: stationary, stasis, torment immunity, boosted hp, almost no armour,
(amphibious), 8 rings, (camouflage 1), (gelatinous body 1), (nimble swimmer 1),
(tentacles), (tentacle spike 1), clarity, deterioration 1, robust 1, wild magic
1
a: Renounce Religion, Channel Magic


You were on level 2 of the Abyss.
You worshipped Sif Muna.
Sif Muna was pleased with you.
You were a tree.
You visited 3 branches of the dungeon, and saw 15 of its levels.
You visited the Abyss 1 time.
You also visited: Gauntlet and Volcano.

You collected 879 gold pieces.

Inventory:

Hand Weapons
 H - the +8 trident of the Octopus King {venom, rElec rPois}
   (You found it on level 10 of the Dungeon)

   It poisons the flesh of those it strikes.
   rElec:     It insulates you from electricity.
   rPois:     It protects you from poison.
 I - a +1 dagger of venom (weapon)
Missiles
 b - 57 stones
 z - 8 curare-tipped darts
Magical Staves
 n - a staff of earth
Jewellery
 e - a +4 ring of protection (on tentacle)
 r - the amulet of Uqoh (around neck) {Reflect rC- rN+ Slay+2 SH+5}
   (You found it in a Gauntlet)

   [amulet of reflection]

   It reflects blocked missile attacks.
   Slay:      It affects your accuracy & damage with ranged weapons and melee
   (+2).
   rC:        It makes you vulnerable to cold.
   rN:        It protects you from negative energy.
   SH:        It affects your SH (+5).
 t - a ring of magical power (left branch)
 x - a ring of ice
 y - a ring of magical power (right branch)
Wands
 B - a wand of iceblast (10)
 C - a wand of charming (4)
 D - a wand of paralysis (5)
 F - a wand of mindburst (10)
 G - a wand of flame (14)
Scrolls
 a - 2 scrolls of enchant armour
 d - 2 scrolls of brand weapon
 f - a scroll of immolation {unknown}
 k - 2 scrolls of fog {unknown}
 v - a scroll of torment
 J - a scroll of holy word {unknown}
 K - a scroll of vulnerability
Potions
 c - 2 potions of brilliance
 h - a potion of ambrosia {unknown}
 j - 2 potions of flight
 l - 4 potions of curing
 m - a potion of mutation
 o - 3 potions of magic
 p - a potion of berserk rage
 q - a potion of resistance {unknown}
 s - 2 potions of might
 A - a potion of lignification
 E - a potion of attraction {unknown}
 L - a potion of heal wounds
Miscellaneous
 w - a condenser vane (inert)


   Skills:
 - Level 2.0 Fighting
 + Level 4.1 Short Blades
 + Level 5.7 Dodging
 + Level 12.6 Stealth
 + Level 13.5 Spellcasting
 - Level 2.0 Conjurations
 - Level 4.0 Transmutations
 * Level 9.0 Earth Magic
 * Level 5.9 Invocations


You had 31 spell levels left.
You knew the following spells:

 Your Spells              Type           Power      Damage    Failure   Level
a - Sandblast             Erth           100%       2d20      1%          1
p - Petrify               Tmut/Erth      43%        N/A       7%          4
w - Stone Arrow           Conj/Erth      78%        3d11      3%          3

Your spell library contained the following spells:

 Spells                   Type           Power      Damage    Failure   Level
 Passwall                 Tmut/Erth      35%        N/A       1%          2
 Wereblood                Tmut           32%        N/A       3%          2
 Sublimation of Blood     Necr           15%        N/A       13%         2
 Leda's Liquefaction      Hex/Erth       17%        N/A       14%         4
 Call Canine Familiar     Summ           15%        N/A       26%         3
 Confusing Touch          Hex            15%        N/A       26%         3
 Portal Projectile        Hex/Tloc       30%        N/A       26%         3
 Yara's Violent Unravell  Hex/Tmut       11%        3d6       67%         5
 Enfeeble                 Hex            7%         N/A       100%        7
 Summon Hydra             Summ           7%         N/A       100%        7


Dungeon Overview and Level Annotations

Branches:
Dungeon (12/15)            Temple (1/1) D:7            Lair (2/6) D:11
    Orc (0/2) D:9         Volcano (visited)         Gauntlet (visited)
  Swamp: Lair:2-4    Shoals: Lair:2-4     Snake: Lair:2-4    Spider: Lair:2-4

Altars:
Ashenzari
Cheibriados
Dithmenos
Elyvilon
Fedhas
Gozag
Hepliaklqana
Kikubaaqudgha
Makhleb
Nemelex Xobeh
Okawaru
Qazlal
Ru
Sif Muna
Trog
Uskayaw
Vehumet
Wu Jian
Xom
Yredelemnul
Zin
The Shining One

Shops:
D:4 (

Portals:
Trove: D:10 (give +8 demon trident)

Annotations:
D:2 exclusion: downstairs
D:3 exclusion: 2 downstairs
D:5 3 runed translucent doors, Sensen's ghost, novice OgHu
D:7 exclusion: downstairs
D:9 exclusion: 2 upstairs
D:10 exclusion: downstairs
D:11 exclusion: downstairs, Fannar
Lair:2 exclusion: oklob plant


Innate Abilities, Weirdness & Mutations

You are a tree.
Your roots penetrate the ground, keeping you stationary.
You cannot be teleported.
You are immune to unholy pain and torment.
Your maximum health is greatly increased.
You cannot wear most types of armour.
((You are amphibious.))
You can wear up to eight rings at the same time.
((Your skin changes colour to match your surroundings (Stealth+).))
((Your rubbery body absorbs attacks. (AC +1, EV +1)))
((You are camouflaged when in or above water. (Stealth+)))
((You have tentacles for arms and can constrict up to eight enemies at once.))
((One of your tentacles bears a spike.))
You possess an exceptional clarity of mind.
Your body sometimes deteriorates upon taking damage.
You are robust. (+10% HP)
Your spells are a little harder to cast, but a little more powerful.


Message History

The Executioner hits you but does no damage. x3
Unknown command.
You hit the Executioner.
The Executioner is lightly wounded.
The Executioner hits you but does no damage. x3
A starcursed mass splits.
A chorus of shrieks assaults your mind.
* * * LOW HITPOINT WARNING * * *
You block the Executioner's attack.
The Executioner hits you but does no damage.
You block the Executioner's attack.
You hit the Executioner but do no damage.
The Executioner is lightly wounded.
The Executioner hits you but does no damage. x3
Unknown command.
You puncture the Executioner!
The Executioner is moderately wounded.
The Executioner hits you but does no damage.
The Executioner hits you.
* * * LOW HITPOINT WARNING * * *
The Executioner hits you but does no damage.
Unknown command.
You hit the Executioner but do no damage.
The Executioner is moderately wounded.
The Executioner hits you but does no damage. x3
A starcursed mass splits.
The Executioner hits you!
* * * LOW HITPOINT WARNING * * *
The Executioner hits you.
* * * LOW HITPOINT WARNING * * *
The Executioner hits you.
* * * LOW HITPOINT WARNING * * *
You hit the Executioner.
The Executioner is moderately wounded.
The Executioner hits you but does no damage. x2
The Executioner barely misses you.
A starcursed mass splits.
Unknown command.
You miss the Executioner.
The Executioner is moderately wounded.
The Executioner hits you.
You die...

. ..###
#...# .. .##
###.K##
.##.##
.#####)..#.#
#.. #.
#..#.#X ..
##....#
#...X.##. ##
.. .X.
.#XX..# #
......
#X##.K## #.#
.. #..# #1#
... ..###
### #♣# #
.#.## ### #.
.# .#.# #.#


You could see 4 starcursed masses, an Executioner (fast, extremely poisoned) and
a kobold brigand.

Vanquished Creatures
  A minotaur (Gauntlet)
  A hydra (Lair:2)
  A two-headed ogre (D:10)
  Erica (D:8)
  Sonja (D:11)
  Pikel (D:7)
  A cyclops (D:11)
  2 toenail golems (Volcano)
  A torpor snail (Gauntlet)
  Maggie (D:10)
  3 cane toads
  Psyche (D:8)
  An efreet (Abyss:2)
  2 komodo dragons
  A rime drake (Lair:1)
  2 trolls
  3 blink frogs (Lair:2)
  A raiju (Abyss:2)
  Prince Ribbit (D:6)
  A starcursed mass (Abyss:2)
  A wraith (D:9)
  2 wyverns
  2 centaur simulacra (Gauntlet)
  2 shadows
  34 yaks
  A steam dragon (D:6)
  A neqoxec (Abyss:2)
  Eustachio (D:6)
  2 basilisks (Lair:2)
  Menkaure (D:6)
  4 water moccasins
  Duvessa (D:4)
  6 orc warriors
  A black bear (Lair:1)
  2 hornet zombies
  5 wolves (Gauntlet)
  6 ice beasts
  A necrophage (D:5)
  6 centaurs
  A phantom (D:4)
  2 kobold brigands
  9 bullfrogs
  A water moccasin zombie (D:6)
  A cane toad simulacrum (Gauntlet)
  A wyvern skeleton (D:7)
  Dowan (D:4)
  7 killer bees
  2 water moccasin skeletons
  6 wights
  2 electric eels (Lair:2)
  A howler monkey (D:9)
  7 centaur zombies
  A hound (D:5)
  2 centaur skeletons
  11 orc priests
  A gnoll shaman (D:5)
  5 iguanas
  15 orc wizards
  2 howler monkey zombies
  Robin (D:3)
  11 gnolls
  2 howler monkey skeletons (D:7)
  11 river rats (D:7)
  3 adders
  2 white imps (D:7)
  An ufetubus (Abyss:2)
  2 adder skeletons (D:4)
  A worm (D:4)
  3 dart slugs
  34 orcs
  8 ball pythons
  6 endoplasms
  4 giant cockroaches
  15 goblins
  13 hobgoblins
  5 quokkas
  5 bats
  6 frilled lizards
  15 kobolds
  22 rats
354 creatures vanquished.

Vanquished Creatures (collateral kills)
  A hydra (D:11)
1 creature vanquished.

Vanquished Creatures (others)
  5 dream sheep (D:3)
  An orc (D:4)
  6 fungi
  4 plants
16 creatures vanquished.

Grand Total: 371 creatures vanquished

Notes
Turn   | Place    | Note
-------+----------+-------------------------------------------
     0 | D:1      | Atelerd the Octopode Earth Elementalist began the quest for
                  | the Orb.
     0 | D:1      | Reached XP level 1. HP: 11/11 MP: 3/3
   195 | D:1      | Reached XP level 2. HP: 17/17 MP: 3/5
   537 | D:1      | Reached XP level 3. HP: 10/21 MP: 3/6
  1293 | D:2      | Found a snail-covered altar of Cheibriados.
  2113 | D:3      | Reached XP level 4. HP: 25/27 MP: 4/7
  2246 | D:3      | Noticed Robin
  2280 | D:3      | Killed Robin
  2929 | D:3      | Noticed a dream sheep
  2929 | D:3      | Noticed a dream sheep
  2929 | D:3      | Noticed a dream sheep
  2929 | D:3      | Noticed a dream sheep
  2929 | D:3      | Noticed a dream sheep
  2929 | D:3      | Found a shimmering altar of Xom.
  2933 | D:3      | Killed a dream sheep
  2933 | D:3      | Killed a dream sheep
  2933 | D:3      | Killed a dream sheep
  2933 | D:3      | Killed a dream sheep
  2933 | D:3      | Killed a dream sheep
  3037 | D:4      | Reached XP level 5. HP: 21/31 MP: 4/9
  3159 | D:4      | Noticed a phantom
  3167 | D:4      | Killed a phantom
  3168 | D:4      | Reached skill level 3 in Spellcasting
  3261 | D:3      | Reached XP level 6. HP: 31/36 MP: 6/10
  3313 | D:4      | Reached skill level 5 in Stealth
  3411 | D:4      | Noticed an orc warrior
  3420 | D:4      | Learned a level 4 spell: Petrify
  4132 | D:4      | Found Gikkat's Antique Weapon Shoppe.
  4226 | D:4      | Found a sacrificial altar of Ru.
  4296 | D:4      | Reached XP level 7. HP: 15/41 MP: 10/12
  4867 | D:4      | Reached skill level 5 in Earth Magic
  4921 | D:4      | Noticed Duvessa
  4927 | D:4      | Noticed Dowan
  4931 | D:4      | Killed Duvessa
  4935 | D:4      | Gained mutation: You possess an exceptional clarity of
                  | mind. [potion of mutation]
  4935 | D:4      | Gained mutation: You are robust. (+10% HP) [potion of
                  | mutation]
  4935 | D:4      | Gained mutation: One of your tentacles bears a spike.
                  | [potion of mutation]
  4935 | D:4      | Gained mutation: Your spells are a little harder to cast,
                  | but a little more powerful. [potion of mutation]
  4939 | D:4      | Killed Dowan
  5025 | D:4      | Reached skill level 4 in Spellcasting
  5234 | D:5      | Entered Level 5 of the Dungeon
  5483 | D:5      | Reached XP level 8. HP: 40/50 MP: 5/14
  5874 | D:5      | Reached skill level 1 in Short Blades
  6031 | D:5      | Found a runed translucent gate.
  6031 | D:5      | Found a runed translucent gate.
  6031 | D:5      | Found a runed translucent gate.
  6069 | D:5      | Noticed Sensen's ghost (novice OgHu)
  6428 | D:5      | Reached skill level 5 in Spellcasting
  6663 | D:6      | Reached XP level 9. HP: 46/56 MP: 9/17
  6943 | D:6      | Reached skill level 6 in Spellcasting
  7069 | D:6      | Noticed Menkaure
  7074 | D:6      | Killed Menkaure
  7145 | D:6      | Noticed Eustachio
  7148 | D:6      | Noticed Prince Ribbit
  7163 | D:6      | Killed Prince Ribbit
  7390 | D:6      | Killed Eustachio
  7391 | D:6      | Reached skill level 10 in Stealth
  7937 | D:7      | Noticed Pikel
  7971 | D:7      | Killed Pikel
  7972 | D:7      | Reached skill level 7 in Spellcasting
  8294 | D:7      | Reached XP level 10. HP: 61/61 MP: 21/21
  8613 | D:8      | Reached skill level 8 in Spellcasting
  8944 | D:8      | Noticed Erica
  8997 | D:9      | Reached skill level 1 in Fighting
  9476 | D:8      | Found an opulent altar of Gozag.
  9525 | D:8      | Found a shimmering blue altar of Sif Muna.
  9617 | D:8      | Killed Erica
  9647 | D:8      | Noticed Psyche
  9662 | D:8      | HP: 2/65 [Psyche/+2 dagger of chaos (19)]
 10324 | D:7      | Found a staircase to the Ecumenical Temple.
 10332 | Temple   | Entered the Ecumenical Temple
 10552 | D:8      | Reached skill level 5 in Dodging
 10850 | D:9      | Learned a level 3 spell: Stone Arrow
 10861 | D:9      | Reached skill level 9 in Spellcasting
 10929 | D:9      | Found a staircase to the Orcish Mines.
 11614 | D:8      | Killed Psyche
 11639 | D:8      | Became a worshipper of Sif Muna the Loreminder
 11881 | D:7      | Reached XP level 11. HP: 70/70 MP: 24/24
 11991 | D:7      | Found a glowing silver altar of Zin.
 12060 | D:7      | Reached skill level 10 in Spellcasting
 12375 | D:10     | Entered Level 10 of the Dungeon
 12375 | D:10     | Found the +8 trident of the Octopus King {venom, rElec
                  | rPois}
 12385 | D:10     | Noticed a two-headed ogre
 12398 | D:10     | Killed a two-headed ogre
 12565 | D:10     | Found a portal to a secret trove of treasure.
 12914 | D:10     | Found an ornate altar of the Wu Jian Council.
 13134 | D:10     | Noticed Maggie
 13145 | D:10     | Killed Maggie
 13398 | D:10     | Reached skill level 11 in Spellcasting
 13621 | D:11     | Reached * piety under Sif Muna
 13770 | D:11     | Noticed a six-headed hydra
 13782 | D:11     | Killed a six-headed hydra
 13783 | D:11     | Reached skill level 12 in Spellcasting
 14036 | D:11     | Found a gate leading to a gauntlet.
 14042 | Gauntlet | Entered a Gauntlet
 14042 | Gauntlet | Found a transporter.
 14129 | Gauntlet | Found a transporter.
 14140 | Gauntlet | Found a transporter.
 14144 | Gauntlet | Noticed a great orb of eyes
 14148 | Gauntlet | Found a transporter.
 14169 | Gauntlet | Found a transporter.
 14187 | Gauntlet | Found a transporter.
 14194 | Gauntlet | Noticed a green ugly thing
 14199 | Gauntlet | Found a transporter.
 14210 | Gauntlet | Noticed a death scarab
 14210 | Gauntlet | Noticed a ghost crab
 14211 | Gauntlet | Found a transporter.
 14211 | Gauntlet | Noticed a spectral death yak
 14211 | Gauntlet | Noticed a death scarab
 14223 | Gauntlet | Found a transporter.
 14227 | Gauntlet | Noticed a fire crab
 14235 | Gauntlet | Found a transporter.
 14253 | Gauntlet | Found a transporter.
 14271 | Gauntlet | Found a transporter.
 14275 | Gauntlet | Found a transporter.
 14300 | Gauntlet | Found a transporter.
 14302 | Gauntlet | Found a transporter.
 14304 | Gauntlet | Found a transporter.
 14351 | Gauntlet | Found a transporter.
 14353 | Gauntlet | Found a transporter.
 14935 | Gauntlet | Identified the amulet of Uqoh {Reflect rC- rN+ Slay+2 SH+5}
 15449 | Gauntlet | Noticed a minotaur
 15464 | Gauntlet | Killed a minotaur
 15465 | Gauntlet | Reached skill level 13 in Spellcasting
 15465 | Gauntlet | Reached XP level 12. HP: 45/77 MP: 29/29
 15470 | Gauntlet | Identified the +1 robe of the Slightly Bent {Str+3}
 15760 | D:11     | Noticed Sonja
 16296 | D:10     | Gained mutation: Your body sometimes deteriorates upon
                  | taking damage. [mutagenic glow]
 16547 | D:11     | Killed Sonja
 16548 | D:11     | Reached skill level 1 in Invocations
 16671 | D:11     | Noticed Fannar
 17124 | D:11     | Found a staircase to the Lair.
 17182 | D:11     | Found a sacrificial altar of Ru.
 17350 | Lair:1   | Entered Level 1 of the Lair of Beasts
 17454 | Lair:1   | Reached ** piety under Sif Muna
 18451 | Lair:2   | Reached skill level 5 in Invocations
 18822 | Lair:2   | Noticed a five-headed hydra
 18836 | Lair:2   | Killed a five-headed hydra
 18837 | Lair:2   | Found a dark tunnel.
 18844 | Volcano  | Entered a volcano
 18888 | Volcano  | Reached XP level 13. HP: 63/81 MP: 30/30
 18897 | Volcano  | Cast into level 2 of the Abyss (a wizard)
 18917 | Abyss:2  | Noticed a lich
 18967 | Abyss:2  | Found a corrupted altar of Lugonu.
 18967 | Abyss:2  | Noticed a tentacled starspawn
 18967 | Abyss:2  | Noticed a Hell Sentinel
 18971 | Abyss:2  | Noticed a tentacled starspawn
 18979 | Abyss:2  | Noticed a starcursed mass
 18985 | Abyss:2  | Noticed a rakshasa
 18988 | Abyss:2  | Paralysed by accursed screaming for 1 turns
 19180 | Abyss:2  | Noticed a starcursed mass
 19294 | Abyss:2  | Noticed a bone dragon
 19320 | Abyss:2  | Noticed an Executioner
 19333 | Abyss:2  | HP: 6/181 [Executioner (4)]
 19333 | Abyss:2  | HP: 1/181 [Executioner (5)]
 19335 | Abyss:2  | Slain by an Executioner

Illustrated notes

Levels and vault maps discovered:
D:1:      lightli_arrival_isolated_outpost, layout_loops_ring,
          minmay_shallow_snake_nest
D:2:      layout_basic, basic_altar
D:3:      layout_rooms, kb_xom_exploding_sheep, uniq_robin
D:4:      layout_layer_cave, marbit_many_paths, serial_shops,
          nicolae_shop_waterfront, guppyfry_early_orc_mine, uniq_duvessa
D:5:      layout_loops_ring, ebering_ghost_rock_garden, minivault_4
D:6:      layout_basic, nicolae_benzene_ring, uniq_menkaure,
          uniq_prince_ribbit1, uniq_eustachio
D:7:      lemuel_ratsnest, layout_basic, zin_statuary,
          minmay_temple_entry_ruins, wad_floor_pattern_1, uniq_pikel
D:8:      layout_rooms, nicolae_gozag_cash_rules_everything_around_me,
          kennysheep_orc_sif_temple, hangedman_decor_opposing, uniq_psyche,
          uniq_erica
D:9:      nicolae_cairo_tiling_very_big, layout_basic
D:10:     layout_roguey, overflow_temple_1_default, enter_trove_3, uniq_maggie
D:11:     layout_stronghold, lair_entry_dummy, gauntlet_entry_generic,
          serial_column_ruins, column_ruins_square_medium,
          column_ruins_columns_straight, column_ruins_open_tiny_water,
          column_ruins_columns_straight, column_ruins_open_small,
          hangedman_decor_slide_cut, nicolae_ru_the_path_less_chosen,
          uniq_fannar, uniq_sonja
D:12:     layout_basic
Temple:   nicolae_temple_elliptical
Lair:1:   layout_gridlike, grunt_megastairs_4, serial_bayou_shore_b
Lair:2:   layout_roguey, nicolae_volcano_entry_two_sided, nicolae_lair_lil_pond,
          guppyfry_lair_drakes, serial_bayou_shore_a
Abyss:2:  base: D:2, gammafunk_corrupted_shrine, evilmike_abyss_exit_chaos,
          due_exit_kobolds
Volcano:  volcano_bunker

Skill      XL: |  1  2  3  4  5  6  7  8  9 10 11 12 13 |
---------------+----------------------------------------+-----
Stealth        | 3 4 5 6 8 11 12 | 12.6
Transmutations | 2 3 4 |  4.0
Spellcasting   | 3 4 5 7 9 13 | 13.5
Earth Magic    | 4 6 7 8 9 |  9.0
Short Blades   | 2 3 4 |  4.1
Fighting       | 2 |  2.0
Dodging        | 5 |  5.7
Conjurations   | 2 |  2.0
Invocations    | 5 |  5.9

Action                   |  1- 3 |  4- 6 |  7- 9 | 10-12 | 13-15 || total
-------------------------+-------+-------+-------+-------+-------++-------
Melee: Constrict         |    17 |    16 |    19 |    29 |     1 ||    82
       Unarmed           |     3 |       |       |       |       ||     3
       Dagger            |    46 |    51 |    86 |   218 |    15 ||   416
       Tentacles         |     6 |    11 |    32 |    53 |     1 ||   103
       Kick              |       |       |    25 |    81 |     2 ||   108
       Punch             |       |       |     5 |     2 |       ||     7
       Trident           |       |       |       |     4 |       ||     4
 Cast: Sandblast         |    32 |    77 |    69 |   154 |       ||   332
       Petrify           |       |     1 |    26 |   102 |     7 ||   136
       Stone Arrow       |       |       |       |    46 |    11 ||    57
Evoke: Condenser vane    |       |       |       |       |     1 ||     1
  Use: Potion            |       |     1 |     3 |     9 |     5 ||    18
       Scroll            |       |       |     1 |    20 |     2 ||    23
 Stab: Sleeping          |     6 |     8 |    14 |    28 |       ||    56
       Petrified         |       |       |    28 |    93 |     5 ||   126
       Petrifying        |       |       |     1 |     2 |       ||     3
       Distracted        |       |       |       |     1 |       ||     1
Armor: Skin              |     7 |     4 |     4 |    19 |    43 ||    77
Dodge: Dodged            |    43 |    44 |    72 |   151 |    17 ||   327
Block: Other             |       |       |       |    34 |     9 ||    43
